 Dungeon Crawl Stone Soup version 0.31-a0-133-gaae73658be (console) character file.

Game seed: 586371231064472752

25 Ignak the Ogre Mage (level 3, 32/33 HPs)
             Began as an Ogre Hedge Wizard on June 2, 2023.
             Quit the game on level 1 of the Dungeon.
             The game lasted 00:01:36 (539 turns).

Ignak the Ogre Mage (Ogre Hedge Wizard)              Turns: 539, Time: 00:01:37

Health: 32/33      AC:  3    Str: 14    XL:     3   Next: 4%
Magic:  8/8        EV:  9    Int: 17    God:
Gold:   7          SH:  0    Dex:  8    Spells: 1/9 levels left

rFire   . . .        e - +0 whip
rCold   . . .        (no shield)
rNeg    . . .        b - +0 robe
rPois   .            c - +0 hat
rElec   .            (no cloak)
rCorr   .            (gloves unavailable)
SInv    .            (boots unavailable)
Will    .....        (no amulet)
Stlth   +            (no ring)
HPRegen 0.25/turn    (no ring)
MPRegen 0.11/turn

%: no passive effects
@: mighty, brilliant
A: large, unfitting armour, tough skin 1, no potion heal 2, devolution 1
a: no special abilities


You were on level 1 of the Dungeon.
You visited 1 branch of the dungeon, and saw 1 of its levels.

You collected 7 gold pieces.

Inventory:

Hand Weapons
 e - a +0 whip (weapon)
Armour
 b - a +0 robe (worn)
 c - a +0 hat (worn)
Scrolls
 h - a scroll of enchant weapon {unknown}
Potions
 a - a potion of curing
 d - a potion of magic
 f - a potion of cancellation


   Skills:
 + Level 1.2 Fighting
 + Level 2.1 Dodging
 - Level 1.4 Stealth
 + Level 3.9 Spellcasting
 + Level 1.3 Conjurations
 - Level 0.8 Summonings
 + Level 1.3 Translocations
 + Level 0.0 Air Magic
 + Level 0.0 Poison Magic


You had one spell level left.
You knew the following spells:

 Your Spells              Type           Power      Damage    Failure   Level
a - Magic Dart            Conj           44%        1d5       10%         1
b - Blink                 Tloc           22%        N/A       14%         2
d - Mephitic Cloud        Conj/Pois/Air  7%         N/A       36%         3
e - Call Imp              Summ           18%        N/A       17%         2

Your spell library contained the following spells:

 Spells                   Type           Power      Damage    Failure   Level
 Slow                     Hex            16%        N/A       16%         1
 Cigotuvi's Dreadful Rot  Necr/Pois/Air  10%        N/A       24%         2


Dungeon Overview and Level Annotations

Branches:
Dungeon (1/15)

Altars:


Innate Abilities, Weirdness & Mutations

You are too large for most types of armour.
You have tough skin. (AC +1)
Potions cannot restore your health.
You have hidden genetic defects.


Message History

c - Mephitic Cloud Adjust to which letter? d - Mephitic Cloud Your cerulean imp disappears in a puff of smoke!
h - a scroll labelled BAYZ ZUPAAC
i - a fizzy brown potion
Okay, then.
It was a potion of cancellation.
You feel magically purged.
It was a potion of curing.
You feel better.
Okay, then.
j - a blue potion
Found a robe.
A goblin comes into view. It is wielding a +0 dagger.
A goblin is nearby!
You see here a +0 robe.
The goblin closely misses you.
You closely miss the goblin. The goblin hits you with a +0 dagger.
You barely miss the goblin. The goblin barely misses you.
You barely miss the goblin. The goblin hits you with a +0 dagger.
You barely miss the goblin. The goblin misses you.
You hit the goblin.
The goblin is severely wounded.
The goblin barely misses you.
You barely miss the goblin.
The goblin is severely wounded.
The goblin hits you but does no damage.
You hit the goblin.
You kill the goblin!
Found a chain mail.
You see here a +0 dagger.
It was a potion of might.
You feel very mighty all of a sudden.
It was a potion of brilliance.
You feel clever all of a sudden.
It was a potion of mutation.
You feel extremely strange.
Your system partially rejects the healing effects of potions.
You feel a hidden malignance growing inside you.
Your system completely rejects the healing effects of potions.
Okay, then.
Are you sure you want to abandon this character and quit the game? (Confirm with "yes".)

(........#.#..#
.......#...#..##..#
.......#..#...##..#
.....#....#...##..#
......#..#........#####
...##....#...###......
.............# #...[
.##...##.#†.####..# #..
....##..........@.#
#..#
..##........####.##
#..##### ##........###
#.# #..##### .....##.#
#[# #..##### ###.....#
#.# #..##### #.###.#
#.#### #..##### #. #.#
#....# #.......
#.###.######.##.#
#...####
#####..†.........##.#
#.#.####


There were no monsters in sight!

Vanquished Creatures
  2 dart slugs (D:1)
  4 endoplasms (D:1)
  A giant cockroach (D:1)
  4 goblins (D:1)
  A kobold (D:1)
  3 ball pythons (D:1)
  A frilled lizard (D:1)
  3 rats (D:1)
19 creatures vanquished.

Vanquished Creatures (collateral kills)
  A hobgoblin (D:1)
1 creature vanquished.

Grand Total: 20 creatures vanquished

Notes
Turn   | Place    | Note
-------+----------+-------------------------------------------
     0 | D:1      | Ignak the Ogre Hedge Wizard began the quest for the Orb.
     0 | D:1      | Reached XP level 1. HP: 16/16 MP: 5/5
    23 | D:1      | Reached skill level 1 in Conjurations
    23 | D:1      | Reached skill level 1 in Translocations
   181 | D:1      | Reached XP level 2. HP: 26/26 MP: 6/6
   243 | D:1      | Reached skill level 1 in Fighting
   378 | D:1      | Learned a level 2 spell: Blink
   381 | D:1      | Learned a level 2 spell: Call Imp
   456 | D:1      | Reached XP level 3. HP: 27/33 MP: 6/8
   460 | D:1      | Learned a level 3 spell: Mephitic Cloud
   538 | D:1      | Gained mutation: Potions are less effective at restoring
                  | your health. [potion of mutation]
   538 | D:1      | Gained mutation: You have hidden genetic defects. [potion
                  | of mutation]
   538 | D:1      | Gained mutation: Potions cannot restore your health.
                  | [potion of mutation]
   539 | D:1      | Quit the game

Illustrated notes

Levels and vault maps discovered:
D:1:      minmay_arrival_solitary_statue, layout_loops_ring,
          reono_crystal_passage, st_stairs_12, hangedman_decor_peaks_small

Skill      XL: |  1  2 |
---------------+-------+-----
Conjurations   | 1 |  1.3
Translocations | 1 |  1.3
Dodging        | 2 |  2.1
Fighting       | 1 |  1.2
Stealth        | |  1.4
Spellcasting   | |  3.9
Summonings     | |  0.8

Action                     || total
---------------------------++-------
  Melee: Dagger            ||    16
         Whip              ||    55
         Punch             ||     1
   Cast: Call Imp          ||     2
         Magic Dart        ||     1
    Use: Potion            ||     5
   Stab: Sleeping          ||     1
 Armour: Robe              ||    22
  Dodge: Dodged            ||    28

Table legend: (Time is in decaauts)
 A = Elapsed time spent in this place.
 B = Non-inter-level travel time spent in this place.
 C = Inter-level travel time spent in this place.
 D = Time resting spent in this place.
 E = Time spent auto-exploring this place.
 F = Levels seen in this place.
 G = Mean time per level.
                   A        B        C        D        E       F      G
               +--------+--------+--------+--------+--------+-----+--------+
         Total |    544 |    544 |      0 |     17 |    299 |   1 |  544.0 |
       Dungeon |    544 |    544 |      0 |     17 |    299 |   1 |  544.0 |
               +--------+--------+--------+--------+--------+-----+--------+

Top non-repeatable levels by time:
     D:1: 544 daAuts
